 Dungeon Crawl Stone Soup version 0.20.1-1-g8b1a95d (webtiles) character file.

2214 tmwrnj the Cleaver (level 9, -6/78 HPs)
             Began as a Hill Orc Fighter on July 6, 2017.
             Was a Believer of Beogh.
             Engulfed by a steam dragon's steam (10 damage)
             ... on level 8 of the Dungeon.
             The game lasted 00:17:06 (7719 turns).

tmwrnj the Cleaver (Hill Orc Fighter)               Turns: 7719, Time: 00:17:07

Health: -6/78      AC: 12    Str: 20    XL:     9   Next: 35%
Magic:  9/9        EV:  6    Int:  8    God:    Beogh [**....]
Gold:   310        SH: 10    Dex: 12    Spells: 8/8 levels left

rFire    . . .     SeeInvis .   a - +0 war axe
rCold    . . .     Gourm    .   c - +0 shield
rNeg     . . .     Faith    .   B - +0 chain mail
rPois    .         Spirit   .   (no helmet)
rElec    .         Reflect  .   u - +0 cloak
rCorr    .         Harm     .   m - +0 pair of gloves (curse)
MR       .....                  (no boots)
Stlth    ..........             (no amulet)
Regen    0.3/turn               (no ring)
MPRegen  0.2/turn               (no ring)

@: about to teleport, drained
A: no striking features
a: Smiting, Renounce Religion


You were on level 8 of the Dungeon.
You worshipped Beogh.
Beogh was pleased with you.
You were not hungry.

You visited 1 branch of the dungeon, and saw 9 of its levels.

You collected 310 gold pieces.

Inventory:

Hand Weapons
 a - a +0 war axe (weapon)
 F - the cursed +0 hand axe of the Crawling Thing {drain, Int+5, unknown}
   (You found it on level 6 of the Dungeon)

   A truly terrible weapon, it drains the life of those it strikes.
   It affects your intelligence (+5).
   It has a curse placed upon it.
Armour
 b - a +0 plate armour
 c - a +0 shield (worn)
 m - a cursed +0 pair of gloves (worn)
 u - a +0 cloak (worn)
 B - a +0 chain mail (worn)
 D - a +2 pair of boots
 G - a cursed +0 ring mail
Jewellery
 o - an uncursed ring of ice {unknown}
 x - an uncursed ring of magical power {unknown}
 C - an uncursed amulet of faith {unknown}
Wands
 J - a wand of flame (17/48)
Scrolls
 h - a scroll of immolation {unknown}
 i - 2 scrolls of enchant weapon {unknown}
 k - a scroll of teleportation
 n - 2 scrolls of magic mapping
 y - a scroll of amnesia {unknown}
 z - a scroll of remove curse {unknown}
 H - a scroll of identify
 I - a scroll of fog {unknown}
Potions
 d - 2 potions of might
 e - a potion of lignification {unknown}
 g - 2 potions of flight
 j - 5 potions of curing
 l - 2 potions of heal wounds {unknown}
 p - a potion of invisibility {unknown}
 q - a potion of brilliance {unknown}
 s - a potion of degeneration {unknown}
 t - a potion of cancellation {unknown}
 v - 2 potions of magic {unknown}
 E - a potion of ambrosia {unknown}
Books
 A - a book of Cantrips

   Spells                             Type                      Level
   a - Confusing Touch                Hexes                        1
   b - Animate Skeleton               Necromancy                   1
   c - Summon Small Mammal            Summoning                    1
   d - Apportation                    Translocation                1
Comestibles
 f - 4 bread rations
 r - 2 meat rations
 w - a royal jelly
 K - 3 fruits


   Skills:
 + Level 6.5(6.0) Fighting
 + Level 11.4(10.8) Axes
 + Level 5.9(5.3) Armour
 + Level 1.6(1.1) Dodging
 + Level 1.1(0.7) Stealth
 + Level 6.1(5.6) Shields


You had 8 spell levels left.
You didn't know any spells.

Dungeon Overview and Level Annotations

Branches:
Dungeon (9/15)             Temple (0/1) D:6             Orc (0/2) D:9
   Lair: D:8-11

Altars:
Ashenzari
Elyvilon
Okawaru
Zin
The Shining One

Annotations:
D:8 polve's ghost, novice DsGl


Message History

Found a shattered altar of Ashenzari.
The orc warrior grunts, "I wonder, will Beogh raise you from the dead?"
There is a stone staircase leading up here.
The orc warrior hits you with a war axe.
* * * LOW HITPOINT WARNING * * *
You climb upwards.
Level annotation: polve's ghost, novice DsGl
There is a stone staircase leading down here.
A steam dragon comes into view.
The steam dragon breathes steam at you. The ball of steam hits you!
* * * LOW HITPOINT WARNING * * *
As you read the scroll of teleportation, it crumbles to dust.
You feel strangely unstable.
You are engulfed in a cloud of scalding steam.
* * * LOW HITPOINT WARNING * * *
The orc warrior hits you with a war axe.
* * * LOW HITPOINT WARNING * * *
You are engulfed in a cloud of scalding steam.
You die...

#####'#......#..#.....
#..........[.#..'.....
#............'..#.....
#....>.......#..#.....
#............##+#.....
###'#....##'###.####..
#...#o§..#.........#..
##..#§§..#.........#..
###'#@§§§#'#######+#..
#.....§§..............
#.<...§..D............
#.....................
#.....................
#.....................
#........##+#####+#...
#........# #...
#........# #...


You could see an orc warrior.

Vanquished Creatures
  An orc warrior (D:6)
  An ice beast (D:5)
  A phantom (D:4)
  6 bullfrogs
  A gnoll sergeant (D:3)
  A scorpion (D:4)
  3 wights (D:9)
  2 howler monkeys
  2 crimson imps
  2 bullfrog zombies
  A bullfrog skeleton (D:6)
  2 hounds
  5 orc priests
  8 orc wizards
  Crazy Yiuf (D:2)
  A centaur skeleton (D:4)
  2 iguanas (D:4)
  8 worker ants
  11 gnolls
  6 adders
  2 shadow imps
  3 adder skeletons
  4 worms (D:2)
  2 leopard geckos
  36 orcs
  4 giant cockroaches
  5 goblins
  3 hobgoblins
  9 jackals
  11 kobolds
  4 quokkas
  4 bats
  3 frilled lizards
  10 rats
165 creatures vanquished.

Vanquished Creatures (others)
  An orc priest (D:4)
  An orc wizard (D:6)
  An orc (D:4)
3 creatures vanquished.

Grand Total: 168 creatures vanquished

Notes
Turn   | Place    | Note
-------+----------+-------------------------------------------
     0 | D:1      | tmwrnj the Hill Orc Fighter began the quest for the Orb.
     0 | D:1      | Reached XP level 1. HP: 19/19 MP: 1/1
   440 | D:1      | Reached XP level 2. HP: 24/27 MP: 2/2
   560 | D:1      | Reached skill level 3 in Axes
  1253 | D:2      | Reached XP level 3. HP: 30/33 MP: 3/3
  1424 | D:2      | Reached skill level 4 in Axes
  1428 | D:2      | Reached XP level 4. HP: 24/40 MP: 4/4
  1661 | D:2      | Found a runed door.
  2286 | D:3      | Reached XP level 5. HP: 46/47 MP: 5/5
  2290 | D:3      | Reached skill level 5 in Axes
  2422 | D:3      | Reached XP level 6. HP: 32/53 MP: 6/6
  2479 | D:3      | Found a glowing golden altar of the Shining One.
  2647 | D:3      | Found an iron altar of Okawaru.
  2699 | D:3      | Found a faded altar of an unknown god.
  2870 | D:4      | Became a worshipper of Beogh the Brigand
  2879 | D:4      | Reached skill level 6 in Axes
  2937 | D:4      | Noticed a phantom
  2977 | D:4      | Killed a phantom
  2977 | D:4      | Reached skill level 1 in Dodging
  3057 | D:4      | Reached skill level 7 in Axes
  3092 | D:4      | Reached XP level 7. HP: 59/60 MP: 7/7
  3199 | D:4      | Reached * piety under Beogh
  3593 | D:4      | Reached skill level 5 in Fighting
  3593 | D:4      | Reached skill level 8 in Axes
  4282 | D:5      | Entered Level 5 of the Dungeon
  4496 | D:5      | Reached XP level 8. HP: 42/68 MP: 8/8
  4610 | D:5      | Reached skill level 9 in Axes
  4646 | D:5      | Reached skill level 1 in Stealth
  4674 | D:5      | Found a white marble altar of Elyvilon.
  5110 | D:2      | Noticed Crazy Yiuf
  5117 | D:2      | Killed Crazy Yiuf
  5543 | D:6      | Reached skill level 5 in Armour
  5551 | D:6      | HP: 3/69 [orc warrior/halberd (10)]
  5875 | D:6      | Reached skill level 10 in Axes
  5875 | D:6      | Reached skill level 5 in Shields
  6216 | D:6      | Found a staircase to the Ecumenical Temple.
  6249 | D:6      | Got a jewelled hand axe
  6282 | D:6      | Reached ** piety under Beogh
  6719 | D:6      | Reached XP level 9. HP: 75/75 MP: 9/9
  6842 | D:7      | Noticed a cyan ugly thing
  6890 | D:6      | Reached skill level 11 in Axes
  6938 | D:7      | Found a glowing silver altar of Zin.
  7189 | D:7      | Noticed a two-headed ogre
  7584 | D:8      | Noticed polve's ghost (novice DsGl)
  7662 | D:9      | Found a staircase to the Orcish Mines.
  7687 | D:9      | Found a shattered altar of Ashenzari.
  7719 | D:8      | Engulfed by a steam dragon's steam

Skill      XL: |  1  2  3  4  5  6  7  8  9 |
---------------+----------------------------+-----
Axes           | 3 4 5 7 8 10 11 | 11.4
Fighting       | 4 5 6 |  6.5
Shields        | 4 5 6 |  6.1
Armour         | 4 5 |  5.9
Dodging        | 1 |  1.6
Stealth        | 1 |  1.1

Action                   |  1- 3 |  4- 6 |  7- 9 || total
-------------------------+-------+-------+-------++-------
Melee: War axe           |   132 |   149 |   396 ||   677
Invok: Convert to Beogh  |       |     1 |       ||     1
  Use: Scroll            |       |       |     6 ||     6
  Eat: Chunk             |     2 |     4 |     9 ||    15
       Royal jelly       |       |       |     4 ||     4
Armor: Scale mail        |    78 |    62 |    62 ||   202
       Chain mail        |       |       |   106 ||   106
Dodge: Dodged            |    53 |    48 |    84 ||   185
Block: Shield            |    85 |    79 |   184 ||   348
